 Dungeon Crawl Stone Soup version 0.30-a0-49-g1cef19eb02 (webtiles) character file.

Game seed: 16409091056584367110

527 purpskrrrp the Conjurer (level 7, 0/50 HPs)
             Began as a Yellow Draconian Conjurer on Sept 3, 2022.
             Was a Follower of Makhleb.
             Slain by an ogre
             ... wielding a +0 giant club
              (6 damage)
             ... on level 5 of the Dungeon.
             The game lasted 00:17:17 (5584 turns).

purpskrrrp the Conjurer (Yellow Draconian Conjurer) Turns: 5584, Time: 00:17:18

Health: 0/50       AC:  7    Str:  9    XL:     7   Next: 2%
Magic:  7/12       EV: 12    Int: 20    God:    Makhleb [*.....]
Gold:   199        SH:  0    Dex: 10    Spells: 8/12 levels left

rFire   . . .      SeeInvis .    d - +0 spear (distort)
rCold   . . .      Faith    +    (no shield)
rNeg    . . .      Spirit   .    (body armour unavailable)
rPois   .          Reflect  .    (helmet restricted)
rElec   .          Harm     .    (no cloak)
rCorr   +          Rampage  .    (no gloves)
Will    .....                    l - +0 pair of boots
Stlth   ++........               j - amulet of faith
HPRegen 0.16/turn                (no ring)
MPRegen 0.13/turn                (no ring)

@: no status effects
A: spit acid, AC +6, unfitting armour, cold-blooded, acid resistance
a: Breathe Acid, Renounce Religion


You were on level 5 of the Dungeon.
You worshipped Makhleb.
Makhleb was aware of your devotion.
You visited 1 branch of the dungeon, and saw 5 of its levels.

You collected 253 gold pieces.
You spent 54 gold pieces at shops.

Inventory:

Hand Weapons
 d - a +0 spear of distortion (weapon)
Armour
 l - a +0 pair of boots (worn)
Jewellery
 b - a ring of ice
 j - an amulet of faith (around neck)
 m - an amulet of guardian spirit
Scrolls
 e - 5 scrolls of teleportation
 i - 2 scrolls of poison
 o - a scroll of brand weapon
Potions
 a - a potion of magic
 c - 3 potions of brilliance
 f - a potion of cancellation
 h - 2 potions of curing
 k - a potion of invisibility {unknown}
 n - a potion of might


   Skills:
 + Level 2.5 Polearms
 + Level 3.2 Dodging
 + Level 3.3 Stealth
 + Level 3.3 Spellcasting
 * Level 5.9 Conjurations


You had 8 spell levels left.
You knew the following spells:

 Your Spells              Type           Power      Damage    Failure   Level
a - Magic Dart            Conj           100%       1d8       1%          1
b - Dazzling Flash        Conj/Hex       30%        N/A       12%         3

Your spell library contained the following spells:

 Spells                   Type           Power      Damage    Failure   Level
 Searing Ray              Conj           54%        2d6       1%          2
 Stone Arrow              Conj/Erth      30%        3d8       12%         3
 Sandblast                Erth           6%         2d5       14%         1
 Slow                     Hex            12%        N/A       14%         1
 Passwall                 Tmut/Erth      2%         N/A       21%         2
 Confusing Touch          Hex            3%         N/A       38%         3
 Vampiric Draining        Necr           3%         2d6       38%         3
 Fulminant Prism          Conj/Hex       7%         3d7       38%         4
 Iskenderun's Mystic Bla  Conj/Tloc      15%        2d5       38%         4
 Lightning Bolt           Conj/Air       7%         1d20      75%         5
 Airstrike                Air            1%         2d(1-17)  80%         4
 Summon Lightning Spire   Summ/Air       3%         N/A       80%         4
 Summon Forest            Summ/Tloc      1%         N/A       98%         5
 Conjure Ball Lightning   Conj/Air       7%         3x3d6     99%         6
 Eringya's Noxious Bog    Tmut/Pois      1%         N/A       100%        6
 Summon Hydra             Summ           1%         N/A       100%        7
 Discord                  Hex            1%         N/A       100%        8
 Disjunction              Tloc           1%         N/A       100%        8


Dungeon Overview and Level Annotations

Branches:
Dungeon (5/15)
 Temple: D:4-7

Altars:
Fedhas
Kikubaaqudgha
Makhleb
Ru
Vehumet
Yredelemnul

Shops:
D:2 *   D:3 (*


Innate Abilities, Weirdness & Mutations

You can spit globs of acid.
Your golden yellow scales are hard. (AC +6)
You cannot fit into any form of body armour.
You are cold-blooded and may be slowed by cold attacks.
You are resistant to acid. (rCorr)


Message History

You open the door.
Found a rapier and a flail.
Found a stone staircase leading up.
There is an open door here.
You pick up a book of Storms and begin reading...
You add the spells Airstrike, Summon Lightning Spire and Lightning Bolt to your library.
Found a stone staircase leading down.
As you open the door, it creaks loudly!
An endoplasm comes into view.
You hear a shout!
The endoplasm quivers.
An endoplasm is nearby!
The magic dart hits the endoplasm.
The endoplasm is moderately wounded.
An ogre opens the door.
The magic dart hits the endoplasm.
The endoplasm is severely wounded.
The endoplasm freezes you.
You are frozen.
You feel yourself slow down.
The magic dart hits the endoplasm!
You kill the endoplasm!
Makhleb accepts your kill.
The ogre hits you with a +0 giant club!!
Casting: Magic Dart (safe; 1% risk of failure)
Confirm with . or Enter, or press ? or * to list all spells.
Casting: Dazzling Flash (dangerous; 12% risk of failure)
Press: ? - help, Dir - look around, f - activate Look: an ogre, wielding a +0 giant club (chance to dazzle: 55%)
The ogre hits you with a +0 giant club!!
* * * LOW HITPOINT WARNING * * *
You hit the ogre.
Space warps around the ogre.
You tail-slap the ogre, but do no damage.
The ogre is lightly wounded.
The ogre misses you.
You closely miss the ogre.
You tail-slap the ogre, but do no damage.
The ogre is lightly wounded.
You feel yourself speed up. The ogre hits you with a +0 giant club.
You die...

...###+##.....##.....#
.......##......#.....#
.....#...###.......###+
.#+#####..+..##
##..........
.......#.....# #...#####
.......#+..### ###.....#
#...>.....##..#+#..##....#
#.........#...O.'...#....#
#######...## ##@##
##....#####
#....###.#.###.........#
####.....#..........)..###
#......###..........)....
#........................
#.....#..................
#######..................
....#########'#...
....+.....#...####


You could see an ogre.

Vanquished Creatures
  An ogre (D:5)
  2 scorpions
  An orc wizard (D:4)
  Natasha (thrice) (D:4)
  6 gnolls
  2 adders
  2 dart slugs
  5 orcs (D:4)
  6 ball pythons
  4 bats
  8 endoplasms
  4 giant cockroaches
  7 goblins
  11 hobgoblins
  7 jackals
  9 kobolds
  4 quokkas
  2 frilled lizards
  2 rats
86 creatures vanquished.

Vanquished Creatures (collateral kills)
  A gnoll bouda (D:5)
  3 gnolls (D:5)
4 creatures vanquished.

Grand Total: 90 creatures vanquished

Notes
Turn   | Place    | Note
-------+----------+-------------------------------------------
     0 | D:1      | purpskrrrp the Draconian Conjurer began the quest for the
                  | Orb.
     0 | D:1      | Reached XP level 1. HP: 14/14 MP: 3/3
   422 | D:1      | Reached XP level 2. HP: 20/20 MP: 0/5
  1276 | D:2      | Reached XP level 3. HP: 26/26 MP: 2/6
  1777 | D:2      | Found Lofukh's General Store.
  1784 | D:2      | Bought a +0 pair of boots for 54 gold pieces
  1846 | D:2      | Found a faded altar of an unknown god.
  1995 | D:2      | Reached skill level 1 in Polearms
  2467 | D:3      | Reached XP level 4. HP: 33/33 MP: 2/7
  2571 | D:3      | Found Nysamm's Weapon Boutique.
  2665 | D:3      | Found a blossoming altar of Fedhas.
  2781 | D:3      | Found Gomareq's Assorted Antiques.
  2795 | D:3      | Found a burning altar of Makhleb.
  3298 | D:3      | Became a worshipper of Makhleb the Destroyer
  3427 | D:4      | Found a basalt altar of Yredelemnul.
  3801 | D:4      | Found a sacrificial altar of Ru.
  3802 | D:4      | Found an ancient bone altar of Kikubaaqudgha.
  3962 | D:4      | Noticed Natasha
  3967 | D:4      | Killed Natasha
  3993 | D:4      | Found a radiant altar of Vehumet.
  4235 | D:4      | Reached skill level 5 in Conjurations
  4235 | D:4      | Reached XP level 5. HP: 38/38 MP: 1/9
  4290 | D:4      | Noticed Natasha
  4296 | D:4      | Killed Natasha
  4608 | D:4      | Reached XP level 6. HP: 45/45 MP: 4/10
  4614 | D:4      | Reached * piety under Makhleb
  4955 | D:4      | Noticed Natasha
  4959 | D:4      | Killed Natasha
  5017 | D:4      | Learned a level 3 spell: Dazzling Flash
  5021 | D:5      | Entered Level 5 of the Dungeon
  5233 | D:5      | Your scales start taking on a golden yellow colour.
  5233 | D:5      | Reached XP level 7. HP: 4/50 MP: 0/12
  5233 | D:5      | Gained mutation: You are resistant to acid. (rCorr) [Yellow
                  | Draconian growth]
  5584 | D:5      | Slain by an ogre

Illustrated notes

Levels and vault maps discovered:
D:1:      dpeg_arrival_rooms_a, layout_loops_ring
D:2:      layout_loops_ring, serial_shops, shop_fountains,
          hellmonk_ecumenical_altar_prayer_group
D:3:      layout_rooms, nicolae_overflow_crystal_walls, bloody_makhleb,
          serial_shops, shop, nicolae_shop_hallway_plus,
          chequers_serial_rivers_room_b, kennysheep_minor_cross
D:4:      layout_basic, yredelemnul_altar_generic, nicolae_overflow_squiral,
          mainiacjoe_overflow_cross_hatched, uniq_natasha
D:5:      layout_gridville, nemelex_dance_club_becter,
          minmay_temple_entry_glassed_door

Skill      XL: |  1  2  3  4  5  6 |
---------------+-------------------+-----
Dodging        | 2 3 |  3.2
Stealth        | 2 3 |  3.3
Polearms       | 1 2 |  2.5
Conjurations   | 5 |  5.9
Spellcasting   | 3 |  3.3

Action                   |  1- 3 |  4- 6 |  7- 9 || total
-------------------------+-------+-------+-------++-------
Melee: Unarmed           |    15 |       |       ||    15
       Spear             |    29 |    43 |     2 ||    74
       Tailslap          |     6 |     3 |     2 ||    11
 Cast: Magic Dart        |    68 |   115 |     3 ||   186
       Dazzling Flash    |       |     1 |     1 ||     2
  Use: Scroll            |    10 |     4 |       ||    14
 Stab: Sleeping          |     2 |       |       ||     2
Armor: Skin              |    16 |    19 |       ||    35
Dodge: Dodged            |    23 |    35 |     1 ||    59

Table legend: (Time is in decaauts)
 A = Elapsed time spent in this place.
 B = Non-inter-level travel time spent in this place.
 C = Inter-level travel time spent in this place.
 D = Time resting spent in this place.
 E = Time spent auto-exploring this place.
 F = Levels seen in this place.
 G = Mean time per level.
                   A        B        C        D        E       F      G
               +--------+--------+--------+--------+--------+-----+--------+
         Total |   5586 |   5341 |    245 |    874 |   3912 |   5 | 1117.2 |
       Dungeon |   5586 |   5341 |    245 |    874 |   3912 |   5 | 1117.2 |
               +--------+--------+--------+--------+--------+-----+--------+

Top non-repeatable levels by time:
     D:4: 1692 daAuts
     D:2: 1246 daAuts
     D:1: 1102 daAuts
     D:3: 981 daAuts
     D:5: 564 daAuts
